cohdb
Replays
Latest Replays
All Replays
Popular Replays
Top Player Replays
Match Explorer
How It Works
Community
CoH3 Stats
Reddit
Sign in to upload your games and track your stats! →
Sign in with Steam
Match 44495679
Unlisted
Match 44495679
Overview
Messages
Build Orders
End
Kettenkrad Recon Vehicle
Selects Italian Coastal Battlegroup
Selects Coastal Reserves
Coastal Reserve
Coastal Reserve
Coastal Reserve
Construct Infanterie Kompanie
Infanterie Officer Quarters
Selects Artillery Officer
Artillery Officer
Medical Bunker
Construct Luftwaffe Kompanie
MG 42 Bunker
Selects Support Bunkers
MG 42 Bunker
Jäger Squad
Selects Rapid Fortifications
Rapid Fortifications
Anti-tank Bunker
Flak 30 Anti-aircraft Gun Team
Luftwaffe Officer Quarters
Rapid Fortifications
MG 42 Bunker
Construct Panzer Kompanie
Selects Bulwark
Rapid Fortifications
MG 42 Bunker
Panzer IV Medium Tank
Panzer Officer Quarters
Panzer IV Medium Tank
Selects Obice da 210/22 Artillery Emplacement
Panzer IV Medium Tank
Side Skirts
Rapid Fortifications
Repair Bunker
Rapid Fortifications
MG 42 Bunker
Anti-tank Bunker
Anti-tank Bunker
Jäger Squad
Artillery Officer
Panzer IV Medium Tank
Rapid Fortifications
Panzer IV Medium Tank
MG 42 Bunker
Stevanevus
elevate
shootinputin
Disconnected
Stormless
NP97
KT6790
downward horrendous
0
0
Comments
sign in to comment!
No comments posted yet!